 Dungeon Crawl Stone Soup version 0.21-a0-140-g479285b (webtiles) character file.

255 septik the Conjurer (level 6, -2/37 HPs)
             Began as a Gargoyle Conjurer on July 20, 2017.
             Slain by an ogre
             ... wielding a +0 giant club
              (16 damage)
             ... on level 4 of the Dungeon.
             The game lasted 00:10:46 (3084 turns).

septik the Conjurer (Gargoyle Conjurer)             Turns: 3084, Time: 00:10:47

Health: -2/37      AC:  9    Str: 13    XL:     6   Next: 15%
Magic:  9/9        EV: 10    Int: 16    God:
Gold:   105        SH:  0    Dex: 10    Spells: 8/9 levels left

rFire    . . .     SeeInvis .   i - +1 hand axe (chop)
rCold    . . .     Gourm    .   (no shield)
rNeg     + . .     Faith    .   o - +0 ring mail
rPois    ∞         Spirit   .   (no helmet)
rElec    +         Reflect  .   (no cloak)
rCorr    .         Harm     .   (no gloves)
MR       .....                  (no boots)
Stlth    +.........             s - amulet of regeneration
HPRegen  0.52/turn              (no ring)
MPRegen  0.11/turn              (no ring)

@: no status effects
A: negative energy resistance 1, electricity resistance, unbreathing,
petrification resistance, rot immunity, AC +4
a: no special abilities


You were on level 4 of the Dungeon.
You were hungry.

You visited 1 branch of the dungeon, and saw 4 of its levels.

You collected 105 gold pieces.

Inventory:

Hand Weapons
 i - a +1 hand axe of chopping (weapon)
 n - a +0 mace
 q - a +0 whip
Missiles
 f - 67 stones (quivered)
Armour
 a - a +0 robe
 o - a +0 ring mail (worn)
Jewellery
 s - an amulet of regeneration (around neck)
Scrolls
 g - a scroll of remove curse
 j - 3 scrolls of random uselessness {unknown}
 p - a scroll of identify {unknown}
 r - 3 scrolls of immolation {unknown}
 u - a scroll of teleportation
 w - a scroll of enchant armour {unknown}
Potions
 e - a potion of curing {unknown}
 h - a potion of agility {unknown}
 k - a potion of might {unknown}
 v - a potion of cancellation {unknown}
Books
 b - a book of Conjurations

   Spells                             Type                      Level
   a - Magic Dart                     Conjuration                  1
   b - Searing Ray                    Conjuration                  2
   c - Dazzling Spray                 Conjuration/Hexes            3
   d - Fulminant Prism                Conjuration/Hexes            4
   e - Force Lance                    Conjuration/Translocation    4
   f - Iskenderun's Mystic Blast      Conjuration                  4
Comestibles
 c - 3 bread rations
 d - 4 fruits
 l - a royal jelly
 m - 2 meat rations


   Skills:
 - Level 3.3 Fighting
 * Level 2.8(3.2) Axes
 - Level 2.4(3.2) Maces & Flails
 + Level 2.1 Armour
 - Level 1.5 Dodging
 - Level 2.1 Stealth
 - Level 2.0 Spellcasting
 - Level 4.3 Conjurations


You had 8 spell levels left.
You knew the following spells:

 Your Spells              Type           Power        Failure   Level  Hunger
a - Magic Dart            Conj           ###.         8%          1    #......


Dungeon Overview and Level Annotations

Branches:
Dungeon (4/15)
 Temple: D:4-7

Altars:
Nemelex Xobeh

Annotations:
D:1 exclusion: 2 downstairs


Innate Abilities, Weirdness & Mutations

You are resistant to torment.
Your stone body is resilient. (AC +4)
You are immune to poison.
You resist negative energy. (rN+)
You are resistant to electric shocks. (rElec)
You can survive without breathing.
You are immune to petrification.
You are immune to rotting.


Message History

The ogre barely misses you.
You hit the ogre.
The ogre is lightly wounded.
The ogre barely misses you.
You barely miss the ogre.
The ogre is lightly wounded.
The ogre hits you with a giant club!!
Ouch! That really hurt!
An orc comes into view. It is wielding a flail of venom.
You are feeling hungry.
There is an open door here.
There is a stone staircase leading up here.
You climb upwards.
There is a stone staircase leading down here.
You start resting.
HP restored.
You climb downwards.
The ogre hits you with a giant club!!
Ouch! That really hurt!
The orc hits you with a flail. The ogre hits you with a giant club!
You die...

###########o...##
............#
............# .
............#
#..#######...##
#..##...##...##
#.......#.o...#
#...(.Oo'.....#
#......@#.....#
#.......#.....+
###############


You could see an ogre and 2 orcs.

Vanquished Creatures
  2 howler monkeys
  An orc priest (D:3)
  Terence (D:2)
  2 adders
  2 worms
  8 dart slugs
  3 leopard geckos (D:1)
  3 orcs (D:3)
  2 ball pythons
  2 giant cockroaches
  9 goblins
  7 hobgoblins
  7 jackals
  6 kobolds
  A quokka (D:2)
  8 bats
  5 frilled lizards (D:1)
  A leopard gecko skeleton (D:4)
  5 rats
75 creatures vanquished.

Vanquished Creatures (others)
  4 toadstools (D:1)
4 creatures vanquished.

Grand Total: 79 creatures vanquished

Notes
Turn   | Place    | Note
-------+----------+-------------------------------------------
     0 | D:1      | septik the Gargoyle Conjurer began the quest for the Orb.
     0 | D:1      | Reached XP level 1. HP: 10/10 MP: 3/3
   192 | D:1      | Reached skill level 1 in Fighting
   250 | D:1      | Reached XP level 2. HP: 15/17 MP: 1/5
   668 | D:1      | Reached skill level 1 in Axes
   680 | D:1      | Reached XP level 3. HP: 16/21 MP: 1/6
  1408 | D:1      | Reached skill level 1 in Maces & Flails
  1645 | D:2      | Noticed Terence
  1717 | D:1      | Reached XP level 4. HP: 22/27 MP: 7/7
  2249 | D:2      | Killed Terence
  2409 | D:3      | Reached XP level 5. HP: 31/32 MP: 8/8
  2512 | D:3      | Reached skill level 1 in Armour
  3020 | D:4      | Found a sparkling altar of Nemelex Xobeh.
  3034 | D:4      | Noticed an ogre
  3035 | D:4      | Reached XP level 6. HP: 32/37 MP: 9/9
  3084 | D:4      | Slain by an ogre

Vault maps used:
D:1:      ldierk_walled_garden_2
D:2:      uniq_terence
D:3:      kennysheep_potato
D:4:      first_bread, nemelex_lonely_heart_becter

Skill      XL: |  1  2  3  4  5 |
---------------+----------------+-----
Fighting       | 1 2 3 |  3.3
Axes           | 1 2 |  2.8
Maces & Flails | 1 2 |  2.4
Armour         | 2 |  2.1
Dodging        | |  1.5
Stealth        | |  2.1
Spellcasting   | |  2.0
Conjurations   | |  4.3

Action                   |  1- 3 |  4- 6 || total
-------------------------+-------+-------++-------
Melee: Unarmed           |    34 |       ||    34
       Hand axe          |    39 |    84 ||   123
       Mace              |    24 |     5 ||    29
       Club              |     6 |       ||     6
       Whip              |       |    10 ||    10
Throw: Stone             |     4 |       ||     4
 Cast: Magic Dart        |    55 |    21 ||    76
  Use: Scroll            |       |     2 ||     2
 Stab: Sleeping          |       |     2 ||     2
  Eat: Chunk             |     4 |     4 ||     8
Armor: Robe              |    43 |    35 ||    78
       Ring mail         |       |     2 ||     2
Dodge: Dodged            |    81 |    87 ||   168
